 Dungeon Crawl Stone Soup version 0.30-a0-4-ga7cffc901d (webtiles) character file.

Game seed: 4774307115010703981

42 enile the Magician (level 3, -4/28 HPs)
             Began as a Djinni Fire Elementalist on Aug 21, 2022.
             Was a Follower of Zin.
             Slain by Sigmund
             ... wielding a +2 scythe of protection
              (17 damage)
             ... on level 2 of the Dungeon.
             The game lasted 00:00:54 (1762 turns).

enile the Magician (Djinni Fire Elementalist)       Turns: 1762, Time: 00:00:54

Health: -4/28      AC:  2    Str:  6    XL:     3   Next: 77%
Gold:   59         EV: 12    Int: 17    God:    Zin [*.....] SH:  0 Dex: 17

rFire   + + .      SeeInvis .    (no weapon)
rCold   x . .      Faith    .    (no shield)
rNeg    . . .      Spirit   .    a - +0 robe
rPois   ∞          Reflect  .    (no helmet)
rElec   +          Harm     .    (no cloak)
rCorr   .          Rampage  .    (no gloves)
Will    .....                    (boots unavailable)
Stlth   ++........               (no amulet)
HPRegen 0.09/turn                (no ring)
MPRegen 0.00/turn                (no ring)

@: flying
A: sickness immunity, fire resistance 2, cold vulnerability 1, float, innate
caster, HP casting, extra vitality 1, agile 1, electricity resistance, wild
magic 1
a: Renounce Religion, Recite, Donate Gold


You were on level 2 of the Dungeon.
You worshipped Zin.
Zin was aware of your devotion.
You visited 1 branch of the dungeon, and saw 2 of its levels.

You collected 65 gold pieces.
You donated 6 gold pieces to Zin.

Inventory:

Armour
 a - a +0 robe (worn)
Scrolls
 b - a scroll of amnesia {unknown}
 d - a scroll of magic mapping {unknown}
 e - a scroll of identify {unknown}
Potions
 c - a potion of might
 f - 2 potions of mutation


   Skills:
 - Level 2.0 Fighting
 - Level 2.1 Dodging
 - Level 1.5 Stealth
 + Level 3.0 Spellcasting


You couldn't memorise any spells.
You knew the following spells:

 Your Spells              Type           Power      Damage    Failure   Level
a - Foxfire               Conj/Fire      64%        2x1d7     8%          1
b - Scorch                Fire           32%        2d6       12%         2
c - Conjure Flame         Conj/Fire      16%        6-21      21%         3
d - Inner Flame           Hex/Fire       16%        N/A       21%         3
e - Flame Wave            Conj/Fire      16%        2d7       52%         4
f - Shock                 Conj/Air       64%        1d7       8%          1
Your spell library was empty.

Dungeon Overview and Level Annotations

Branches:
Dungeon (2/15)

Altars:
Zin

Annotations:
D:2 Sigmund


Innate Abilities, Weirdness & Mutations

You are immune to sickness and miasma.
You are immune to poison.
Your flesh is very heat resistant. (rF++)
You are vulnerable to cold. (rC-)
You float through the air rather than walking.
You learn spells naturally, not from books.
Your magical power is your life essence.
You have superior vitality. (+4 MHP)
You are agile. (Dex +4, Str/Int -1)
You are resistant to electric shocks. (rElec)
Your spells are a little harder to cast, but a little more powerful.


Message History

Sigmund shouts!
The jackal barks!
A jackal comes into view.
The foxfire hits the jackal.
The jackal is severely wounded.
The foxfire hits the jackal.
You kill the jackal!
Sigmund breathes a few words.
Sigmund's hands start flickering wildly.
Casting: Foxfire (safe; 4% risk of failure)
Confirm with . or Enter, or press ? or * to list all spells.
Flames lash Sigmund.
Sigmund is lightly wounded.
Sigmund's fire resistance burns away.
A kobold comes into view. It is wielding a +0 dagger.
Sigmund points at you and mumbles some strange words.
The magic dart hits you! Sigmund gestures at you while chanting.
You resist with some effort.
Sigmund is no longer more vulnerable to fire.
It was a potion of mutation.
You feel extremely strange.
You feel insulated.
You feel agile.
You feel less in control of your magic.
Zin forgives your inadvertent chaotic act, just this once.
The jackal bites you but does no damage.
Casting: Scorch (safe; 12% risk of failure)
Confirm with . or Enter, or press ? or * to list all spells.
Flames lash the jackal.
You kill the jackal!
Sigmund drinks a potion.
Sigmund seems to grow stronger.
Sigmund misses you.
Casting: Scorch (safe; 12% risk of failure)
Confirm with . or Enter, or press ? or * to list all spells.
Flames lash the jackal.
You kill the jackal!
Sigmund barely misses you.
Casting: Scorch (safe; 12% risk of failure)
Confirm with . or Enter, or press ? or * to list all spells.
Flames lash Sigmund but do no damage.
The kobold closely misses you.
Sigmund hits you from afar with a +2 scythe of protection!
Ouch! That really hurt!
You die...

######### .......#
.....#.##
.######....#######
......†<.#.......#
.#####.#...#.###.#
#..##.###.##.###
#.. #..@K@.....#
#.. #####.##.#.#
... #.## †# #.##
#.# @# #. ..# h#
### K# .. #.


You could see Sigmund (strong) and a kobold.

Vanquished Creatures
  A gnoll (D:1)
  2 dart slugs (D:1)
  3 endoplasms (D:1)
  5 goblins (D:1)
  A hobgoblin (D:1)
  3 jackals (D:2)
  2 kobolds (D:1)
  A quokka (D:1)
  5 bats (D:1)
  3 rats
26 creatures vanquished.

Vanquished Creatures (collateral kills)
  A foxfire (D:1)
1 creature vanquished.

Vanquished Creatures (others)
  95 foxfires
95 creatures vanquished.

Grand Total: 122 creatures vanquished

Notes
Turn   | Place    | Note
-------+----------+-------------------------------------------
     0 | D:1      | enile the Djinni Fire Elementalist began the quest for the
                  | Orb.
     0 | D:1      | enile set off with the following spells memorised: Foxfire,
                  | Scorch, Conjure Flame, Inner Flame, Flame Wave.
     0 | D:1      | Reached XP level 1. HP: 15/15 MP: 0/0
    67 | D:1      | Reached skill level 1 in Fighting
    67 | D:1      | Reached XP level 2. HP: 18/23 MP: 0/0
   760 | D:1      | Reached XP level 3. HP: 26/28 MP: 0/0
   760 | D:1      | Learned a level 1 spell: Shock
   879 | D:1      | Found a faded altar of an unknown god.
  1443 | D:1      | Reached skill level 3 in Spellcasting
  1661 | D:1      | Prayed at the altar of an unknown god.
  1661 | D:1      | Became a worshipper of Zin the Law-Giver
  1661 | D:1      | Reached * piety under Zin
  1748 | D:2      | Noticed Sigmund
  1757 | D:2      | Gained mutation: You are resistant to electric shocks.
                  | (rElec) [potion of mutation]
  1757 | D:2      | Gained mutation: You are agile. (Dex +4, Str/Int -1)
                  | [potion of mutation]
  1757 | D:2      | Gained mutation: Your spells are a little harder to cast,
                  | but a little more powerful. [potion of mutation]
  1762 | D:2      | Slain by Sigmund

Illustrated notes

Levels and vault maps discovered:
D:1:      ebering_trefoil_twist, layout_loops_corners,
          dreamdust_ecumenical_altar_hidden_monk_grotto, corexii_hall_statues_l
D:2:      layout_loops_ring, uniq_sigmund, uniq_crazy_yiuf_cottage

Skill      XL: |  1  2  3 |
---------------+----------+-----
Fighting       | 1 2 |  2.0
Spellcasting   | 3 |  3.0
Dodging        | |  2.1
Stealth        | |  1.5

Action                   || total
-------------------------++-------
 Cast: Foxfire           ||    56
       Scorch            ||     5
  Use: Potion            ||     1
Armor: Robe              ||     3
Dodge: Dodged            ||     5

Table legend: (Time is in decaauts)
 A = Elapsed time spent in this place.
 B = Non-inter-level travel time spent in this place.
 C = Inter-level travel time spent in this place.
 D = Time resting spent in this place.
 E = Time spent auto-exploring this place.
 F = Levels seen in this place.
 G = Mean time per level.
                   A        B        C        D        E       F      G
               +--------+--------+--------+--------+--------+-----+--------+
         Total |   1761 |   1710 |     51 |      0 |   1537 |   2 |  880.5 |
       Dungeon |   1761 |   1710 |     51 |      0 |   1537 |   2 |  880.5 |
               +--------+--------+--------+--------+--------+-----+--------+

Top non-repeatable levels by time:
     D:1: 1713 daAuts
     D:2: 48 daAuts
